[Event "Titled Tuesday Blitz January 04 2022"]
[White "Pranav, V"]
[Black "Grischuk, Alexander"]
[WhiteFideId "25060783"]
[BlackFideId "4126025"]
[WhiteElo "2349"]
[BlackElo "2762"]
[Result "1-0"]
[Round "11"]
[TimeControl "180+1"]
[Date "2022.01.04"]
[WhiteClock "0:00:15"]
[BlackClock "0:00:02"]

1. e4 c6 2. d4 d5 3. e5 Bf5 4. Nf3 e6 5. Be2 Ne7 6. c3 h6 7. O-O Nd7 8. Na3 a6 9. Nc2 c5 10. Ne3 Be4 11. dxc5 Nxc5 12. Nd4 Nc6 13. f4 Be7 14. b4 Nd7 15. a3 O-O 16. Bd3 Bxd3 17. Qxd3 Rc8 18. Ng4 Nxd4 19. cxd4 f5 20. Ne3 Nb6 21. g4 Nc4 22. Nd1 Qe8 23. gxf5 Rxf5 24. Kh1 Qh5 25. Ne3 Nxe3 26. Bxe3 Rcf8 27. Ra2 Kh8 28. Raf2 Bh4 29. Rg2 g5 30. Bd2 gxf4 31. Qh3 f3 32. Rg4 Bd8 33. Rxf3 Qxh3 34. Rxh3 h5 35. Rg6 Rf1+ 36. Rg1 h4 37. Be3 Kh7 38. Kg2 Rxg1+ 39. Bxg1 Kg6 40. Rc3 Bb6 41. Be3 Kf5 42. Bf2 Ke4 43. Re3+ Kxd4 44. Rf3+ Kxe5 45. Rxf8 1-0


[Site "https://www.chess.com"]

[Event "Titled Tuesday Blitz January 04 2022"]
[White "Provotorov, Ivan"]
[Black "Yaran, Siar"]
[WhiteFideId "4154657"]
[BlackFideId "6323006"]
[WhiteElo "2291"]
[BlackElo "1977"]
[Result "1/2-1/2"]
[Round "11"]
[TimeControl "180+1"]
[Date "2022.01.04"]
[WhiteClock "0:00:01"]
[BlackClock "0:00:07"]

1. c4 e6 2. Nc3 d5 3. d4 Nf6 4. cxd5 exd5 5. Bg5 Be7 6. e3 c6 7. Bd3 Nbd7 8. Qc2 Nh5 9. Bxe7 Qxe7 10. O-O-O Nhf6 11. Nf3 Nb6 12. h3 Be6 13. Ne5 O-O-O 14. Kb1 Kb8 15. Na4 Nxa4 16. Qxa4 Nd7 17. Rc1 Nxe5 18. dxe5 c5 19. f4 c4 20. Bc2 Qc5 21. Rhe1 d4 22. exd4 Rxd4 23. f5 Bd7 24. Qa3 Qxa3 25. bxa3 Re8 26. g4 Rd5 27. Rcd1 Rxd1+ 28. Bxd1 Kc7 29. Bf3 Bc6 30. Bd1 Kb6 31. Kb2 Kc5 32. Kc3 b5 33. g5 a5 34. Bg4 b4+ 35. Kb2 Kd4 36. e6 fxe6 37. fxe6 Re7 38. Rd1+ Kc5 39. axb4+ axb4 40. Rd8 Bd5 41. Rc8+ Kd4 42. Rd8 Ke5 43. Rb8 b3 44. axb3 cxb3 45. Rb5 Kd6 46. Rb6+ Kc5 47. Ra6 Kb5 48. Rd6 Kc5 49. Ra6 Bc4 50. Ra8 Bxe6 51. Bxe6 Rxe6 52. Ra7 g6 53. Rxh7 Re3 54. h4 Kc4 55. Rc7+ Kb4 56. Rb7+ Kc4 57. Rc7+ Kd5 58. Rg7 Kc4 59. Rc7+ 1/2-1/2


[Site "https://www.chess.com"]

[Event "Titled Tuesday Blitz January 04 2022"]
[White "Rychagov, Andrey"]
[Black "Mihok, Oliver"]
[WhiteFideId "4119932"]
[BlackFideId "728012"]
[WhiteElo "2500"]
[BlackElo "2376"]
[Result "0-1"]
[Round "11"]
[TimeControl "180+1"]
[Date "2022.01.04"]
[WhiteClock "0:00:15"]
[BlackClock "0:00:12"]

1. d4 Nf6 2. c4 c5 3. d5 b5 4. cxb5 a6 5. bxa6 g6 6. Nc3 Bg7 7. e4 O-O 8. Be2 Qa5 9. Bd2 Bxa6 10. e5 Ne8 11. Nf3 d6 12. exd6 Nxd6 13. O-O Nc4 14. Bxc4 Bxc4 15. Re1 Qa7 16. Bg5 e6 17. dxe6 Bxe6 18. Qd2 Nc6 19. Bh6 Rfd8 20. Qf4 Qb8 21. Qh4 Qb4 22. Ne4 Qxb2 23. Rab1 Qxa2 24. Nf6+ Kh8 25. Bg5 h5 26. g4 Nd4 27. Ne5 Bxg4 28. Nfxg4 Re8 29. Bf6 Re6 30. Qg5 Kg8 31. Bxg7 Kxg7 32. Qh6+ Kg8 33. Nd7 hxg4 34. Rxe6 Qxe6 35. Nxc5 Qd5 36. Nb7 Re8 0-1


[Site "https://www.chess.com"]

[Event "Titled Tuesday Blitz January 04 2022"]
[White "Sadhwani, Raunak"]
[Black "Kravtsiv, Martyn"]
[WhiteFideId "35093487"]
[BlackFideId "14113147"]
[WhiteElo "2616"]
[BlackElo "2694"]
[Result "1-0"]
[Round "11"]
[TimeControl "180+1"]
[Date "2022.01.04"]
[WhiteClock "0:00:55"]
[BlackClock "0:00:24"]

1. e4 e5 2. Nf3 Nc6 3. Nc3 Nf6 4. d4 exd4 5. Nxd4 Bb4 6. Nxc6 bxc6 7. Bd3 O-O 8. O-O Re8 9. Qf3 Rb8 10. Bg5 Bd6 11. Qd1 h6 12. Bh4 Be5 13. f4 Bd4+ 14. Kh1 d6 15. Rb1 Bg4 16. Bxf6 Qd7 17. Bxd4 Bxd1 18. Rfxd1 c5 19. Bf2 Qg4 20. Bg3 Rb4 21. a3 Rd4 22. Bf2 Qxf4 23. Bxd4 cxd4 24. Nd5 Qh4 25. Nxc7 Rxe4 26. Bxe4 Qxe4 27. Nb5 Qxc2 28. Nxd4 Qc5 29. Rbc1 Qh5 30. Nc6 Qe2 31. b4 Qe3 32. a4 d5 33. a5 a6 34. b5 axb5 35. a6 Kh7 36. a7 Qe8 37. Ra1 1-0


[Site "https://www.chess.com"]

[Event "Titled Tuesday Blitz January 04 2022"]
[White "Samadov, Read"]
[Black "Dourerassou, Jonathan"]
[WhiteFideId "13417444"]
[BlackFideId "628050"]
[WhiteElo "2084"]
[BlackElo "2513"]
[Result "1-0"]
[Round "11"]
[TimeControl "180+1"]
[Date "2022.01.04"]
[WhiteClock "0:02:30"]
[BlackClock "0:01:49"]

1. d4 d6 2. c4 g6 3. Nc3 Bg7 4. e4 Nf6 5. Be2 Nbd7 6. Be3 O-O 7. Nf3 c5 8. d5 a6 9. O-O b5 10. cxb5 axb5 11. Bxb5 Ba6 12. a4 Bxb5 13. axb5 Qb6 14. h3 Qb7 15. Qe2 Nb6 16. Nd2 Nfd7 17. Ra6 Nb8 18. Rxa8 Qxa8 19. f4 N8d7 20. Nb3 Na4 21. Ra1 Nxc3 22. bxc3 Qb7 23. Na5 Qc7 24. Nc6 Re8 25. Ra7 Qc8 26. b6 Nxb6 27. Nxe7+ Rxe7 28. Rxe7 Qa8 29. Qb5 Bf8 30. Re8 Qa1+ 31. Kh2 Qxc3 32. Qxb6 Qxe3 33. Qxd6 1-0


[Site "https://www.chess.com"]

[Event "Titled Tuesday Blitz January 04 2022"]
[White "Shipov, Sergei"]
[Black "Yaksin, Oleg"]
[WhiteFideId "4113624"]
[BlackFideId "24105880"]
[WhiteElo "2783"]
[BlackElo "2256"]
[Result "1-0"]
[Round "11"]
[TimeControl "180+1"]
[Date "2022.01.04"]
[WhiteClock "0:00:27"]
[BlackClock "0:00:05"]

1. d4 Nf6 2. c4 e6 3. Nc3 Bb4 4. Qc2 O-O 5. a3 Bxc3+ 6. Qxc3 d6 7. f3 Nbd7 8. e4 c5 9. Be3 Qe7 10. Ne2 b6 11. Ng3 Bb7 12. Be2 Rac8 13. O-O cxd4 14. Qxd4 Rfd8 15. Rfd1 Nc5 16. Rab1 d5 17. e5 Ne8 18. cxd5 Rxd5 19. Qf4 Rcd8 20. Rxd5 Rxd5 21. Rd1 Rxd1+ 22. Bxd1 Qd7 23. Be2 Nc7 24. Nh5 Ne8 25. Qd4 Qxd4 26. Bxd4 Nc7 27. Nf4 Nb3 28. Be3 Nd5 29. Nxd5 Bxd5 30. Kf2 Kf8 31. h4 Ke7 32. h5 h6 33. g4 Kd7 34. f4 Nc5 35. Bd4 Kc6 36. Ke3 a5 37. f5 Nb3 38. Bc3 Nc5 39. f6 gxf6 40. exf6 Nd7 41. g5 hxg5 42. h6 Nf8 43. Bd3 g4 44. Kf4 1-0


[Site "https://www.chess.com"]

[Event "Titled Tuesday Blitz January 04 2022"]
[White "Shkapenko, Pavel"]
[Black "Ibrahimli, Murad"]
[WhiteFideId "4151933"]
[BlackFideId "13410229"]
[WhiteElo "2386"]
[BlackElo "2109"]
[Result "0-1"]
[Round "11"]
[TimeControl "180+1"]
[Date "2022.01.04"]
[WhiteClock "0:00:05"]
[BlackClock "0:00:12"]

1. e4 c5 2. c3 d6 3. d4 cxd4 4. cxd4 Nf6 5. Nc3 Nc6 6. Nf3 d5 7. e5 Ne4 8. Bd3 Bf5 9. O-O Nxc3 10. bxc3 Bxd3 11. Qxd3 e6 12. Rb1 Qd7 13. h4 h6 14. h5 Be7 15. Nd2 O-O-O 16. f4 f5 17. Nb3 Kb8 18. a4 Ka8 19. a5 Nb8 20. Ra1 Na6 21. Ba3 Rc8 22. Bxe7 Qxe7 23. Nd2 Rc6 24. Rfb1 Rhc8 25. Rb3 Qf7 26. Rab1 R8c7 27. Qh3 Nb8 28. R1b2 Nd7 29. Nb1 Ra6 30. Na3 Rxa5 31. Nb5 Rxb5 32. Rxb5 a6 33. R5b3 Ka7 34. Qf3 b5 35. Ra3 Qe7 36. Ra1 Kb6 37. Rba2 Nb8 38. Qd3 Rc4 39. Qd2 Qc7 40. Ra3 Kb7 41. Qb2 Qb6 42. Kh2 b4 43. cxb4 Rxb4 44. Qc2 Qxd4 45. Rf1 Qc4 46. Qd1 Nc6 47. Rff3 a5 48. Rac3 Qb5 49. Qc1 Kb6 50. Rf2 d4 51. Rcc2 a4 52. Rfd2 d3 53. Qg1+ Kb7 54. Rc5 Qa6 55. Qc1 Rxf4 56. Qb1+ Kc7 57. Qxd3 Rh4+ 58. Kg1 Qxd3 59. Rxd3 Rb4 60. Rd6 Rb6 61. Rxe6 a3 62. Rc3 a2 63. Ra3 Rb1+ 64. Kh2 a1=Q 65. Rxa1 Rxa1 66. Rg6 Nxe5 67. Rxg7+ Kd6 68. Kg3 Ra4 69. Rg8 Rg4+ 70. Rxg4 Nxg4 71. Kf4 Ke6 0-1


[Site "https://www.chess.com"]

[Event "Titled Tuesday Blitz January 04 2022"]
[White "Sjugirov, Sanan"]
[Black "Grandelius, Nils"]
[WhiteFideId "4189302"]
[BlackFideId "1710400"]
[WhiteElo "2602"]
[BlackElo "2617"]
[Result "1/2-1/2"]
[Round "11"]
[TimeControl "180+1"]
[Date "2022.01.04"]
[WhiteClock "0:00:06"]
[BlackClock "0:00:31"]

1. e4 c6 2. Nf3 d5 3. d3 g6 4. e5 Bg7 5. d4 f6 6. exf6 Nxf6 7. Be2 O-O 8. O-O Bg4 9. Nbd2 Qd6 10. Ne5 Bxe2 11. Qxe2 Nbd7 12. f4 c5 13. c3 cxd4 14. cxd4 Rac8 15. Ndf3 Ne4 16. Be3 Nxe5 17. dxe5 Qd7 18. Rac1 e6 19. Qd3 Rxc1 20. Rxc1 Rc8 21. Rxc8+ Qxc8 22. h3 Bf8 23. b3 Bc5 24. Kh2 Kf7 25. Qc2 Qc6 26. Bxc5 Qxc5 27. Ng5+ Kg8 28. Qxc5 Nxc5 29. g3 h6 30. Nf3 Kf7 31. Kg2 Nd3 32. Nd4 a6 33. Kf3 Nb4 34. a3 Nc6 35. Nxc6 bxc6 36. b4 g5 37. fxg5 hxg5 38. Ke3 Kg6 39. g4 Kf7 40. Kd4 Ke7 41. Kc5 Kd7 42. a4 Kc7 43. a5 Kd7 44. Kd4 Kd8 45. Kc5 Kc7 46. Kd4 Kd7 47. Kc5 Kc7 48. Kd4 Kd7 49. Kc5 Kc7 1/2-1/2


[Site "https://www.chess.com"]

[Event "Titled Tuesday Blitz January 04 2022"]
[White "Stark, Lars"]
[Black "Matinian, Nikita"]
[WhiteFideId "4676386"]
[BlackFideId "24129100"]
[WhiteElo "2474"]
[BlackElo "2422"]
[Result "0-1"]
[Round "11"]
[TimeControl "180+1"]
[Date "2022.01.04"]
[WhiteClock "0:00:22"]
[BlackClock "0:00:59"]

1. c4 e5 2. g3 g6 3. Bg2 Bg7 4. Nc3 Nc6 5. e4 d6 6. Nge2 h5 7. h4 Bg4 8. d3 Nd4 9. Be3 Nf3+ 10. Kf1 f5 11. Qa4+ c6 12. b4 Nf6 13. b5 Qd7 14. bxc6 bxc6 15. exf5 gxf5 16. Ng1 Nxg1 17. Kxg1 e4 18. dxe4 O-O 19. Rc1 Rae8 20. Qxa7 Qxa7 21. Bxa7 Nxe4 22. Nxe4 fxe4 23. Be3 d5 24. cxd5 cxd5 25. Rc7 d4 26. Rxg7+ Kxg7 27. Bxd4+ Kg6 28. Kh2 Bf3 29. Be3 Kf5 30. Rc1 Rc8 31. Bh3+ Bg4 32. Rd1 Rc2 33. Bxg4+ Kxg4 34. Kg2 Rf3 35. Rd5 Rxg3+ 36. Kf1 Rxe3 37. fxe3 Kf3 38. Ke1 Kxe3 39. Kd1 Rxa2 40. Rxh5 Ra1+ 41. Kc2 Ke2 42. Re5 e3 43. h5 Ra6 44. Kc3 Kf2 45. Rf5+ Ke1 46. Kd3 e2 47. Ke3 Re6+ 48. Kd3 Kd1 49. Ra5 Rd6+ 50. Kc4 e1=Q 51. Ra1+ Ke2 52. Rxe1+ Kxe1 53. Kc5 Rh6 0-1


[Site "https://www.chess.com"]

[Event "Titled Tuesday Blitz January 04 2022"]
[White "Svane, Frederik"]
[Black "Pichot, Alan"]
[WhiteFideId "12923044"]
[BlackFideId "110973"]
[WhiteElo "2459"]
[BlackElo "2543"]
[Result "0-1"]
[Round "11"]
[TimeControl "180+1"]
[Date "2022.01.04"]
[WhiteClock "0:00:03"]
[BlackClock "0:00:33"]

1. e4 c5 2. Nf3 e6 3. d4 cxd4 4. Nxd4 Nc6 5. Nc3 Qc7 6. Be3 a6 7. Qf3 Ne5 8. Qg3 h5 9. f4 h4 10. Qh3 Nc4 11. Bxc4 Qxc4 12. O-O-O b5 13. Kb1 Bb7 14. f5 Rc8 15. Rhe1 Nf6 16. Bc1 e5 17. Nf3 d6 18. Nd2 Qc6 19. a3 a5 20. Nb3 Qa6 21. Qd3 b4 22. axb4 Qxd3 23. cxd3 axb4 24. Na2 d5 25. Bd2 dxe4 26. Bxb4 Rh5 27. Bxf8 Kxf8 28. Nc3 exd3 29. Rxe5 Bxg2 30. Rxd3 Ng4 31. Re2 Bf1 32. Nd4 Bxe2 33. Ncxe2 Nxh2 34. Nf4 Rh6 35. b4 Ng4 36. b5 Nf2 37. Rf3 h3 38. Rxf2 h2 39. Rxh2 Rxh2 40. Nc6 Re8 41. Nd3 Re3 42. Ncb4 Rd2 43. b6 Rdxd3 44. Nxd3 Rxd3 45. b7 0-1


[Site "https://www.chess.com"]

[Event "Titled Tuesday Blitz January 04 2022"]
[White "Sychev, Klementy"]
[Black "Padmini, Rout"]
[WhiteFideId "4114060"]
[BlackFideId "5029295"]
[WhiteElo "2564"]
[BlackElo "2181"]
[Result "1-0"]
[Round "11"]
[TimeControl "180+1"]
[Date "2022.01.04"]
[WhiteClock "0:00:09"]
[BlackClock "0:00:10"]

1. b3 Nf6 2. Bb2 g6 3. Nf3 Bg7 4. e3 O-O 5. d4 d5 6. c4 c6 7. Nbd2 a5 8. Be2 a4 9. Ba3 Re8 10. O-O Bg4 11. b4 Nbd7 12. b5 cxb5 13. c5 Bxf3 14. Nxf3 Ne4 15. Qc2 Qa5 16. Qb2 Qc3 17. Bxb5 Qxb2 18. Bxb2 a3 19. Bc1 Red8 20. Rb1 e5 21. Rb3 exd4 22. exd4 Nf8 23. Rd1 Ne6 24. g3 g5 25. h3 h5 26. Be3 g4 27. hxg4 hxg4 28. Ne1 f5 29. Nc2 Ra5 30. Bd3 Rd7 31. Rdb1 Ra7 32. Bb5 Rc7 33. Be8 Kf8 34. Bg6 N6g5 35. Bxf5 Nf3+ 36. Kg2 Nfd2 37. Bxe4 Nxb3 38. Bxd5 Na5 39. Bf4 Rd7 40. Bd6+ Rxd6 41. cxd6 Nc6 42. d7 Ke7 43. Rh1 Kxd7 44. Rh7 Kd6 45. Be4 Nxd4 46. Rxg7 Nxc2 47. Bxc2 Kc5 48. Rxg4 Ra6 49. Bb3 Rd6 50. Ra4 b5 51. Rxa3 Rd3 52. Ra8 Kb4 53. g4 Rd4 54. Kg3 Kc3 55. g5 Kb2 56. f4 Rd6 57. Kg4 Rg6 58. f5 Rb6 59. g6 b4 60. Kg5 Rb8 61. Rxb8 1-0


[Site "https://www.chess.com"]

[Event "Titled Tuesday Blitz January 04 2022"]
[White "Terry, Renato"]
[Black "Piesik, Piotr"]
[WhiteFideId "3803457"]
[BlackFideId "1136194"]
[WhiteElo "2577"]
[BlackElo "2232"]
[Result "1-0"]
[Round "11"]
[TimeControl "180+1"]
[Date "2022.01.04"]
[WhiteClock "0:01:14"]
[BlackClock "0:00:01"]

1. e4 c6 2. Nf3 d5 3. exd5 cxd5 4. Ne5 Nd7 5. d4 g6 6. c3 Bg7 7. f4 Ngf6 8. Bd3 O-O 9. Qe2 Nb6 10. O-O Bf5 11. Nd2 Bxd3 12. Qxd3 e6 13. g4 Ne8 14. f5 exf5 15. gxf5 Nd6 16. fxg6 hxg6 17. Ndf3 Ne4 18. Bf4 Nd7 19. Rae1 Nxe5 20. Nxe5 Qh4 21. Re2 Rae8 22. Rg2 Re6 23. Qf3 Qe7 24. Qh3 Bxe5 25. Bxe5 Rxe5 26. dxe5 Qxe5 27. Qh6 Qg7 28. Qf4 1-0


[Site "https://www.chess.com"]

[Event "Titled Tuesday Blitz January 04 2022"]
[White "Timofeev, Artyom"]
[Black "Supatashvili, Khvicha"]
[WhiteFideId "4140419"]
[BlackFideId "13600664"]
[WhiteElo "2583"]
[BlackElo "2710"]
[Result "1-0"]
[Round "11"]
[TimeControl "180+1"]
[Date "2022.01.04"]
[WhiteClock "0:00:37"]
[BlackClock "0:00:19"]

1. d4 Nf6 2. Nf3 e6 3. Bg5 c5 4. e3 Be7 5. Nbd2 cxd4 6. exd4 b6 7. Bd3 O-O 8. Qe2 Bb7 9. c3 Nc6 10. O-O Nd5 11. Bxe7 Ncxe7 12. g3 Nf6 13. Rfe1 Rc8 14. a4 a5 15. Ne5 d6 16. Nec4 Ng6 17. Na3 Re8 18. Nb5 Re7 19. Rad1 Bc6 20. h4 d5 21. h5 Nf8 22. h6 g6 23. Kg2 Bxb5 24. Bxb5 Ne8 25. Nf3 Qc7 26. Ne5 Nd6 27. Bd3 f6 28. Ng4 Rf7 29. Qf3 Qd8 30. Re2 Ne4 31. Rde1 f5 32. Ne5 Rf6 33. Qe3 Nd7 34. Bb5 Nxe5 35. dxe5 Rf7 36. Qf4 Qg5 37. Rxe4 1-0


[Site "https://www.chess.com"]

[Event "Titled Tuesday Blitz January 04 2022"]
[White "Zhigalko, Sergei"]
[Black "Tanenbaum, Zachary"]
[WhiteFideId "13502956"]
[BlackFideId "2060850"]
[WhiteElo "2662"]
[BlackElo "2168"]
[Result "0-1"]
[Round "11"]
[TimeControl "180+1"]
[Date "2022.01.04"]
[WhiteClock "0:00:01"]
[BlackClock "0:00:25"]

1. e4 e5 2. Nf3 Nc6 3. Bc4 Nf6 4. d3 Be7 5. O-O O-O 6. Nbd2 d6 7. c3 Na5 8. Bb5 a6 9. Ba4 b5 10. Bc2 c5 11. Re1 Nc6 12. Nf1 h6 13. Ng3 Be6 14. Bb3 Nh7 15. Nf5 Bxf5 16. exf5 Ng5 17. Bd5 Rc8 18. h4 Nh7 19. a4 Bxh4 20. axb5 axb5 21. Ra6 Nb8 22. Ra7 Nf6 23. Ba2 Ng4 24. Re2 c4 25. Rb7 d5 26. Nxe5 Bxf2+ 27. Rxf2 Nxe5 28. f6 Nxd3 29. fxg7 Re8 30. Qh5 Re1+ 31. Kh2 Qd6+ 32. Bf4 Rh1+ 33. Kxh1 Nxf2+ 34. Kg1 Qxf4 35. Qxd5 Ng4 36. Qd4 Qc1+ 0-1


[Site "https://www.chess.com"]

[Event "Titled Tuesday Blitz January 04 2022"]
[White "Zverev, Lev"]
[Black "Donchenko, Alexander"]
[WhiteFideId "24250775"]
[BlackFideId "24603295"]
[WhiteElo "2156"]
[BlackElo "2539"]
[Result "0-1"]
[Round "11"]
[TimeControl "180+1"]
[Date "2022.01.04"]
[WhiteClock "0:01:53"]
[BlackClock "0:02:16"]

1. e4 c6 2. d4 d5 3. e5 Bf5 4. Nf3 e6 5. Be2 Ne7 6. O-O h6 7. Nbd2 Nd7 8. Nb3 g5 9. a4 Qc7 10. a5 a6 11. Bd2 Bg7 12. Bb4 Ng6 13. Bd6 Qd8 14. Nfd2 Nf4 15. Bg4 Bg6 16. g3 h5 17. gxf4 hxg4 18. Qxg4 gxf4 19. Qxf4 Bh6 20. Qf3 Bxd2 21. Nxd2 Qg5+ 22. Qg3 Qxd2 23. f4 Qxd4+ 24. Kg2 Be4+ 25. Rf3 Bxf3+ 26. Kxf3 Qe4+ 27. Kf2 Qxc2+ 28. Kg1 O-O-O 29. Kh1 Rdg8 30. Qxg8+ Rxg8 31. Rg1 Rxg1+ 0-1